 Dungeon Crawl Stone Soup version 0.31-a0-1074-g0b22e4e0f1 (webtiles) character file.

Game seed: 1781762297541095250

117 Jeffwins the Ruffian (level 4, -2/39 HPs)
             Began as a Troll Earth Elementalist on Nov 29, 2023.
             Slain by Grinder (6 damage)
             ... on level 4 of the Dungeon.
             The game lasted 00:02:38 (2606 turns).

Jeffwins the Ruffian (Troll Earth Elementalist)     Turns: 2606, Time: 00:02:39

Health: -2/39      AC:  4    Str: 16    XL:     4   Next: 71%
Magic:  4/5        EV:  9    Int: 13    God:
Gold:   217        SH:  0    Dex: 10    Spells: 4/5 levels left

rFire   . .          .
                       - Unarmed
rCold   . . .        (no shield)
rNeg    . . .        a - +0 robe
rPois   .            (helmet currently unavailable)
rElec   .            (cloak currently unavailable)
rCorr   .            (gloves unavailable)
SInv    .            (boots unavailable)
Will    .....        (no amulet)
Stlth   +            (no ring)
HPRegen 1.06/turn    (no ring)
MPRegen 0.09/turn

%: no passive effects
@: beast-form
A: beast (slay +1), large, unfitting armour, claws 3, regeneration 1, shaggy fur
1, tough skin 1
a: Begin Untransformation


You were on level 4 of the Dungeon.
You were a hulking beast.
You visited 1 branch of the dungeon, and saw 4 of its levels.

You collected 217 gold pieces.


Innate Abilities, Weirdness & Mutations

You are a hulking beast.
Your limbs bulge with bestial killing power. (Slay +1)
You are too large for most types of armour.
You have claws for hands.
Your natural rate of healing is unusually fast.
You are covered in fur. (AC +1)
You have tough skin. (AC +1)


   Skills:
 - Level 1.5 Dodging
 - Level 1.0 Stealth
 * Level 3.1 Unarmed Combat
 - Level 1.3 Spellcasting
 - Level 0.6 Transmutations
 - Level 2.9 Earth Magic
 * Level 2.2 Shapeshifting


You had 4 spell levels left.
You knew the following spells:

 Your Spells              Type           Power      Damage    Failure   Level
z - Sandblast             Erth           16%        2d6       9%          1

Your spell library contained the following spells:

 Spells                   Type           Power      Damage    Failure   Level
 Passwall                 Tmut/Erth      4%         N/A       21%         2
 Necrotise                Necr           0%         1d4       26%         1
 Stone Arrow              Conj/Erth      8%         3d7       41%         3
 Vampiric Draining        Necr           0%         2d6       63%         3
 Petrify                  Tmut/Erth      5%         N/A       78%         4
 Brom's Barrelling Bould  Conj/Erth      4%         2d3       83%         4
 Agony                    Necr           0%         N/A       100%        5

Inventory:

Armour
 a - a +0 robe (worn)
 u - an orb of mayhem
Jewellery
 C - a ring of protection from cold
 F - a ring of fire
Talismans
 h - a beast talisman (active)
 i - a serpent talisman
Scrolls
 e - a scroll of enchant armour {unknown}
 f - 2 scrolls of fear {unknown}
 j - a scroll of teleportation {unknown}
 m - a scroll of immolation {unknown}
 n - 2 scrolls of noise {unknown}
 q - 6 scrolls of identify {unknown}
 r - a scroll of enchant weapon {unknown}
 s - a scroll of poison {unknown}
Potions
 b - 2 potions of magic
 c - a potion of cancellation {unknown}
 d - a potion of resistance {unknown}
 g - a potion of invisibility {unknown}
 k - 2 potions of curing {unknown}
 l - 2 potions of attraction {unknown}
 o - a potion of might {unknown}
 p - 5 potions of mutation {unknown}
 t - a potion of berserk rage {unknown}

Dungeon Overview and Level Annotations

Branches:
Dungeon (4/15)
 Temple: D:4-7

Altars:

Annotations:
D:4 Grinder

#.# #.#.(..####
#.###.####.####
......# #....#
###### #.#####
#....# ##....#
#.# #....#
##.....# #.#
#....#####......#
#.#
#........'.....##
#.#
##########.....#
#.# #.5h....#+##
#.# #.#####.#.#
#+# #. #...# ..
##### ... ...5
..... ......


You could see Grinder.


Message History

Grinder says, "Make like a tree!"
Unknown command.
You closely miss Grinder.
Grinder is lightly wounded.
Grinder hits you.
You writhe in agony.
You closely miss Grinder.
Grinder is lightly wounded.
Grinder hits you!
You writhe in agony.
You claw Grinder!
Grinder is moderately wounded.
Grinder hits you!
* * * LOW HITPOINT WARNING * * *
You writhe in agony.
* * * LOW HITPOINT WARNING * * *
Unknown command.
You are too injured to fight recklessly!
You are too injured to fight recklessly!
You are too injured to fight recklessly!
Unknown command.
Okay, then.
Unknown command.
Okay, then.
You scratch Grinder.
Grinder is heavily wounded.
Grinder says, "I used to sell toenails on the black market."
Grinder hits you!
* * * LOW HITPOINT WARNING * * *
You writhe in agony.
You die...
Grinder says, "Now the real fun starts!"

Skill      XL: |  1  2  3  4 |
---------------+-------------+-----
Unarmed Combat | 1 2 3 |  3.1
Shapeshifting  | 1 2 |  2.2
Dodging        | |  1.5
Stealth        | |  1.0
Spellcasting   | |  1.3
Transmutations | |  0.6
Earth Magic    | |  2.9

Action                     |  1- 3 |  4- 6 || total
---------------------------+-------+-------++-------
  Melee: Unarmed           |   108 |    44 ||   152
         Punch             |     1 |       ||     1
   Cast: Sandblast         |       |     1 ||     1
   Stab: Sleeping          |     2 |     1 ||     3
 Armour: Robe              |    68 |    26 ||    94
  Dodge: Dodged            |    38 |    15 ||    53
   Form: Beast             |     1 |       ||     1

Levels and vault maps discovered:
D:1:      ldierk_walled_garden_2, layout_basic, shapermc_ecumenical_altar_petra,
          reono_crystal_passage
D:2:      layout_basic, uniq_terence
D:3:      layout_basic, minmay_pentomino_pile
D:4:      layout_basic, minmay_temple_entry_statues, uniq_robin, uniq_grinder,
          uniq_eustachio

Notes
Turn   | Place    | Note
-------+----------+-------------------------------------------
     0 | D:1      | Jeffwins the Troll Earth Elementalist began the quest for
                  | the Orb.
     0 | D:1      | Reached XP level 1. HP: 16/16 MP: 1/1
    75 | D:1      | Reached skill level 1 in Unarmed Combat
   109 | D:1      | Reached XP level 2. HP: 21/24 MP: 2/2
   858 | D:1      | Found a faded altar of an unknown god.
   970 | D:1      | You fall into a shaft and drop 1 floor!
   998 | D:2      | Reached skill level 2 in Unarmed Combat
  1041 | D:2      | Reached XP level 3. HP: 31/31 MP: 4/4
  1408 | D:2      | Reached skill level 1 in Shapeshifting
  1495 | D:2      | Noticed Terence
  1513 | D:2      | Killed Terence
  1514 | D:2      | Reached XP level 4. HP: 28/39 MP: 5/5
  2270 | D:3      | Reached skill level 3 in Unarmed Combat
  2270 | D:3      | Reached skill level 2 in Shapeshifting
  2597 | D:4      | Noticed Grinder
  2606 | D:4      | Slain by Grinder

Vanquished Creatures
  Terence (D:2)
  4 adders
  3 worms
  A dart slug (D:2)
  10 endoplasms
  A giant cockroach (D:1)
  A goblin (D:1)
  3 hobgoblins
  2 jackals (D:1)
  3 quokkas
  7 bats
  3 frilled lizards
  6 kobolds
  2 rats
47 creatures vanquished.

Table legend: (Time is in decaauts)
 A = Elapsed time spent in this place.
 B = Non-inter-level travel time spent in this place.
 C = Inter-level travel time spent in this place.
 D = Time resting spent in this place.
 E = Time spent auto-exploring this place.
 F = Levels seen in this place.
 G = Mean time per level.
                   A        B        C        D        E       F      G
               +--------+--------+--------+--------+--------+-----+--------+
         Total |   2600 |   2541 |     59 |     14 |   2142 |   4 |  650.0 |
       Dungeon |   2600 |   2541 |     59 |     14 |   2142 |   4 |  650.0 |
               +--------+--------+--------+--------+--------+-----+--------+

Top non-repeatable levels by time:
     D:1: 1080 daAuts
     D:2: 801 daAuts
     D:3: 649 daAuts
     D:4: 69 daAuts

Table legend:
 A = Non-vault XP
 B = Vault XP
 C = Vault XP percentage of total XP
 D = Non-vault monster count
 E = Vault monster count
 F = Vault count percentage of total count
                 A         B        C        D         E       F
            +---------+---------+-------+---------+---------+-------
      Total |     128 |      40 |  23.8 |      43 |       4 |   8.5
            +---------+---------+-------+---------+---------+-------
        D:1 |      35 |       0 |   0.0 |      21 |       0 |   0.0
        D:2 |      34 |      36 |  51.4 |       9 |       1 |  10.0
        D:3 |      59 |       4 |   6.3 |      13 |       3 |  18.8
            +---------+---------+-------+---------+---------+-------
